 Dungeon Crawl Stone Soup version 0.24.0-3-g28a8eb0610 (webtiles) character file.

Game seed: 18328459449059258258, levelgen mode: deterministic

107 Acheron the Skirmisher (level 4, -1/36 HPs)
             Began as a Demonspawn Abyssal Knight on Nov 1, 2019.
             Was a Believer of Lugonu.
             Killed from afar by a goblin (7 damage)
             ... with a puff of flame
             ... on level 4 of the Dungeon.
             The game lasted 00:08:54 (2503 turns).

Acheron the Skirmisher (Demonspawn Abyssal Knight)  Turns: 2503, Time: 00:08:54

Health: -1/36      AC:  6    Str: 12    XL:     4   Next: 56%
Magic:  5/6        EV: 10    Int: 13    God:    Lugonu [**....]
Gold:   83         SH:  0    Dex: 14    Spells: 3/3 levels left

rFire    . . .     SeeInvis .   a - +1 hand axe
rCold    . . .     Gourm    .   (no shield)
rNeg     . . .     Faith    .   q - +0 ring mail
rPois    .         Spirit   .   (no helmet)
rElec    .         Reflect  .   (no cloak)
rCorr    .         Harm     .   i - +0 pair of gloves
MR       .....                  (no boots)
Stlth    +.........             (no amulet)
HPRegen  0.12/turn              (no ring)
MPRegen  0.10/turn              (no ring)

@: no status effects
A: talons 1
a: Depart the Abyss, Bend Space, Renounce Religion


You were on level 4 of the Dungeon.
You worshipped Lugonu.
Lugonu was pleased with you.
You were not hungry.

You visited 1 branch of the dungeon, and saw 4 of its levels.
You visited the Abyss 1 time.

You collected 83 gold pieces.

Inventory:

Hand Weapons
 a - a +1 hand axe (weapon)
 e - a +0 short sword
 k - a +2 dagger of venom
Missiles
 n - 62 stones (quivered)
Armour
 b - a +0 leather armour
 i - a +0 pair of gloves (worn)
 q - a +0 ring mail (worn)
 s - a +0 shield
Jewellery
 u - an uncursed amulet of the gourmand {unknown}
 v - a +4 ring of intelligence {unknown}
Scrolls
 f - 2 scrolls of enchant armour {unknown}
 g - a scroll of identify {unknown}
 h - a scroll of amnesia {unknown}
 j - 2 scrolls of teleportation {unknown}
 l - 5 scrolls of remove curse {unknown}
 o - a scroll of immolation {unknown}
 p - a scroll of fog {unknown}
 r - a scroll of blinking {unknown}
Potions
 d - 2 potions of curing {unknown}
 m - a potion of magic {unknown}
 t - a potion of degeneration {unknown}
Comestibles
 c - 7 rations


   Skills:
 * Level 3.6 Fighting
 + Level 2.6 Axes
 * Level 2.3 Armour
 * Level 1.5 Dodging
 * Level 1.0 Stealth
 * Level 0.1 Shields
 * Level 3.2 Invocations


You had 3 spell levels left.
You didn't know any spells.
Your spell library was empty.

Dungeon Overview and Level Annotations

Branches:
Dungeon (4/15)
 Temple: D:4-7

Altars:
Fedhas
Ru
Vehumet

Annotations:
D:4 Terence


Innate Abilities, Weirdness & Mutations

You have sharp toenails.


Message History

You barely miss the goblin. The goblin closely misses you.
The goblin closely misses you. The goblin hits you but does no damage.
Terence hits you with a +0 falchion.
There is an escape hatch in the floor here.
Terence hits you with a +0 falchion. The orc barely misses you.
The goblin hits you with a +0 club.
You slide downwards.
The hatch slams shut behind you.
A goblin comes into view. It is carrying a wand of flame (20).
Found 16 bolts and a club.
Found a radiant altar of Vehumet.
You slash the goblin!
You kill the goblin!
Lugonu accepts your kill.
You closely miss the orc. You hit Terence.
The goblin zaps a wand.
The puff of flame hits you. Terence hits you but does no damage.
The orc hits you with a +0 hand axe.
* * * LOW HITPOINT WARNING * * *
Space bends around you!
You blink.
The goblin zaps a wand.
The puff of flame hits you!
You die...

###.# #.# . #..
....# ..
#...#...#
#.....##.......
#.....##.#._.#.#
#.....#....g.( #
#..........#....
#.......@......#
#........##....#
#...o.)..# ..#
#....ยง@..# #
....)(.....#
############


You could see Terence, an orc and a goblin.

Vanquished Creatures
  3 adders
  An ooze (D:1)
  A worm (D:3)
  An orc (D:3)
  5 bats
  2 giant cockroaches
  6 goblins
  7 hobgoblins
  12 jackals
  A ball python (D:3)
  5 frilled lizards
  13 kobolds
  11 rats
  3 toadstools (D:1)
71 creatures vanquished.

Vanquished Creatures (others)
  A toadstool (D:1)
1 creature vanquished.

Grand Total: 72 creatures vanquished

Notes
Turn   | Place    | Note
-------+----------+-------------------------------------------
     0 | Abyss:1  | Acheron the Demonspawn Abyssal Knight began the quest for
                  | the Orb.
     0 | Abyss:1  | Reached XP level 1. HP: 18/18 MP: 2/2
   110 | D:1      | Escaped the Abyss
   218 | D:1      | Reached skill level 1 in Dodging
   471 | D:1      | Gained mutation: You have sharp toenails. [demonic
                  | ancestry]
   471 | D:1      | Reached XP level 2. HP: 24/24 MP: 3/3
  1155 | D:2      | Reached XP level 3. HP: 26/29 MP: 5/5
  1184 | D:2      | Reached ** piety under Lugonu
  1505 | D:2      | Found a blossoming altar of Fedhas.
  1505 | D:2      | Found a sacrificial altar of Ru.
  1921 | D:1      | Reached XP level 4. HP: 27/35 MP: 6/6
  2262 | D:3      | Reached skill level 1 in Stealth
  2468 | D:3      | Noticed Terence
  2501 | D:4      | Found a radiant altar of Vehumet.
  2503 | D:4      | Killed from afar by a goblin

Levels and vault maps discovered:
D:1:      ldierk_water_garden, layout_basic
D:2:      layout_basic, gammafunk_temple_overflow_pools, serial_curves,
          eino_curves_01, eino_curves_01, eino_curves_01, eino_curves_03,
          minmay_hexomino_c4
D:3:      layout_basic, nemelex_xobeh_ov_fountains_minmay, uniq_terence
D:4:      layout_basic, vehumet_altar_wand_db, minmay_manual_monstrance

Skill      XL: |  1  2  3  4 |
---------------+-------------+-----
Dodging        | 1 |  1.5
Armour         | 2 |  2.3
Axes           | 2 |  2.6
Invocations    | 3 |  3.2
Stealth        | 1 |  1.0
Fighting       | |  3.6
Shields        | |  0.1

Action                   |  1- 3 |  4- 6 || total
-------------------------+-------+-------++-------
Melee: Hand axe          |   126 |    32 ||   158
       Kick              |    20 |     7 ||    27
Invok: Bend Space        |       |     1 ||     1
  Eat: Chunk             |     3 |     2 ||     5
Armor: Leather armour    |    28 |       ||    28
       Ring mail         |    36 |    19 ||    55
Dodge: Dodged            |   103 |    22 ||   125
